 Dungeon Crawl Stone Soup version 0.32-a0-7-ge934b4519a (webtiles) character file.

Game seed: 4188328419809092383

182 NotreDorf the Apothecary (level 5, -4/38 HPs)
             Began as a Draconian Alchemist on Jan 13, 2024.
             Slain by Edmund
             ... wielding a +4 flail of holy wrath
              (11 damage)
             ... on level 5 of the Dungeon.
             The game lasted 00:15:03 (2039 turns).

NotreDorf the Apothecary (Draconian Alchemist)      Turns: 2039, Time: 00:15:03

Health: -4/38      AC:  7    Str: 10    XL:     5   Next: 34%
Magic:  7/9        EV: 11    Int: 18    God:
Gold:   54         SH:  4    Dex: 11    Spells: 3/9 levels left

rFire   . . .        n - +0 war axe
rCold   + . .        e - +0 buckler
rNeg    . . .        (body armour unavailable)
rPois   .            (helmet restricted)
rElec   .            (no cloak)
rCorr   .            b - +0 pair of gloves
SInv    .            j - +0 pair of boots
Will    .....        (no amulet)
Stlth   ++           h - ring of protection from cold
HPRegen 0.26/turn    (no ring)
MPRegen 0.11/turn

%: no passive effects
@: no status effects
A: AC +5, unfitting armour, cold-blooded
a: no special abilities


You were on level 5 of the Dungeon.
You visited 1 branch of the dungeon, and saw 5 of its levels.

You collected 104 gold pieces.
You spent 50 gold pieces at shops.

Inventory:

Hand Weapons
 n - a +0 war axe (weapon)
Armour
 b - a +0 pair of gloves (worn)
 e - a +0 buckler (worn)
 j - a +0 pair of boots (worn)
Jewellery
 g - a ring of fire
 h - a ring of protection from cold (left hand)
 p - a +6 ring of dexterity
 u - an amulet of the acrobat
Wands
 o - a wand of iceblast (7)
Scrolls
 c - 4 scrolls of identify {unknown}
 i - a scroll of poison {unknown}
 l - a scroll of torment {unknown}
 q - a scroll of vulnerability {unknown}
 s - a scroll of immolation {unknown}
 t - a scroll of revelation {unknown}
Potions
 a - a potion of magic
 f - 2 potions of enlightenment {unknown}
 k - 2 potions of curing {unknown}
 m - 3 potions of brilliance {unknown}
 r - a potion of resistance {unknown}


   Skills:
 + Level 2.5 Dodging
 - Level 1.7 Stealth
 + Level 1.7 Shields
 + Level 2.7 Spellcasting
 + Level 2.3 Conjurations
 + Level 1.7 Air Magic
 + Level 3.7 Alchemy


You had 3 spell levels left.
You knew the following spells:

 Your Spells              Type           Power      Damage    Failure   Level
a - Sting                 Conj/Alch      52%        1d6       7%          1
b - Mercury Vapours       Alch/Air       24%        N/A       12%         2
c - Mephitic Cloud        Conj/Alch/Air  11%        N/A       26%         3

Your spell library contained the following spells:

 Spells                   Type           Power      Damage    Failure   Level
 Necrotise                Necr           8%         1d4       24%         1
 Olgreb's Toxic Radiance  Alch           15%        N/A       47%         4
 Sticky Flame             Fire/Alch      9%         2d5       75%         4


Dungeon Overview and Level Annotations

Branches:
Dungeon (6/15)
 Temple: D:4-7

Altars:

Shops:
D:2 !

Annotations:
D:5 Edmund


Innate Abilities, Weirdness & Mutations

Your plain brown scales are hard. (AC +5)
You cannot fit into any form of body armour.
You are cold-blooded and may be slowed by cold attacks.


Message History

Casting: Sting (safe; 7% risk of failure)
Confirm with . or Enter, or press ? or * to list all spells.
Aiming: Sting (safe; 7% risk of failure)
Press: ? - help, Shift-Dir - straight line, f/p - Edmund
Aim: Edmund, wielding a +4 flail of holy wrath and wearing a +0 chain mail (lightly wounded, poisoned, 79% to hit)
The sting hits Edmund but does no damage.
Edmund looks even sicker.
Edmund is lightly wounded.
Edmund says, "A flail is better than a scythe, any day of the week!"
Casting: Sting (safe; 7% risk of failure)
Confirm with . or Enter, or press ? or * to list all spells.
Aiming: Sting (safe; 7% risk of failure)
Press: ? - help, Shift-Dir - straight line, f/p - Edmund
Aim: Edmund, wielding a +4 flail of holy wrath and wearing a +0 chain mail (lightly wounded, very poisoned, 79% to hit)
The sting hits Edmund but does no damage.
Edmund looks even sicker.
Edmund is lightly wounded.
You hit Edmund but do no damage.
Edmund is lightly wounded.
You block Edmund's attack.
Edmund hits you with a +4 flail of holy wrath!
You hit Edmund.
Edmund is lightly wounded.
Edmund completely misses you.
You hit Edmund but do no damage.
Edmund is lightly wounded.
Edmund hits you with a +4 flail of holy wrath. x2
You hit Edmund but do no damage.
Edmund is moderately wounded.
Edmund closely misses you.
You barely miss Edmund.
Edmund is moderately wounded.
Edmund hits you with a +4 flail of holy wrath.
Edmund hits you with a +4 flail of holy wrath!
* * * LOW HITPOINT WARNING * * *
You barely miss Edmund.
Your tail-slap misses Edmund.
Edmund is moderately wounded.
Edmund hits you with a +4 flail of holy wrath!
You die...
Edmund says, "That'll show my brother!"

#......# #.#
#.####.#####.###
#.# #.........#
#.#
#######.>....
#.# ###.### #.#
.# #$# .# #.# #
#@# #@# #.# #.#
#.# #.. ###


You could see Edmund (very poisoned).

Vanquished Creatures
  An iguana (D:5)
  4 gnolls (D:2)
  5 adders (D:2)
  2 dart slugs
  8 endoplasms
  3 giant cockroaches
  6 goblins
  6 hobgoblins
  2 quokkas (D:2)
  4 ball pythons
  9 bats
  6 frilled lizards
  7 kobolds
  9 rats
72 creatures vanquished.

Notes
Turn   | Place    | Note
-------+----------+-------------------------------------------
     0 | D:1      | NotreDorf the Draconian Alchemist began the quest for the
                  | Orb.
     0 | D:1      | Reached XP level 1. HP: 14/14 MP: 3/3
   200 | D:1      | Reached XP level 2. HP: 20/20 MP: 3/5
   463 | D:1      | Found a faded altar of an unknown god.
   468 | D:1      | Got Plato's Spellbook of Spectres
   529 | D:1      | Reached XP level 3. HP: 23/26 MP: 3/6
   748 | D:1      | Learned a level 2 spell: Mercury Vapours
   752 | D:1      | Learned a level 3 spell: Mephitic Cloud
   815 | D:2      | Reached skill level 1 in Air Magic
   828 | D:2      | Reached skill level 1 in Shields
   957 | D:2      | Reached XP level 4. HP: 33/33 MP: 7/7
  1008 | D:2      | Found Agerip's Distillery.
  1065 | D:2      | Bought 2 potions of degeneration for 20 gold pieces
  1065 | D:2      | Bought a potion of attraction for 30 gold pieces
  1659 | D:2      | Reached XP level 5. HP: 38/38 MP: 4/9
  1962 | D:3      | You fall into a shaft and drop 3 floors!
  1975 | D:6      | Noticed a sky beast
  1975 | D:6      | Noticed an ice beast
  1995 | D:5      | Entered Level 5 of the Dungeon
  2028 | D:5      | Noticed Edmund
  2039 | D:5      | Slain by Edmund

Illustrated notes

Levels and vault maps discovered:
D:1:      amcnicky_arrival_double_pillar, layout_rooms,
          shapermc_ecumenical_altar_rom_forum
D:2:      minmay_thinvault, layout_basic, serial_shops, shop
D:3:      layout_loops_ring, mainiacjoe_overflow_alcove_2, serial_shops, shop,
          nicolae_shop_dealshenge, nicolae_shop_bloodbath_and_beyond,
          nicolae_shop_industrial_runoff, nicolae_shop_just_a_little_nook,
          st_stairs_3, reono_crystal_passage
D:5:      layout_loops_ring, nicolae_overflow_hidden_temple,
          minmay_temple_entry_junction, uniq_crazy_yiuf_cottage, uniq_pikel,
          uniq_edmund
D:6:      cheibrodos_fzero, layout_cave_pods, grunt_decor_resistance

Skill      XL: |  1  2  3  4 |
---------------+-------------+-----
Dodging        | 2 |  2.5
Air Magic      | 1 |  1.7
Shields        | 1 |  1.7
Conjurations   | 2 |  2.3
Stealth        | |  1.7
Spellcasting   | |  2.7
Alchemy        | |  3.7

Action                     |  1- 3 |  4- 6 || total
---------------------------+-------+-------++-------
  Melee: Unarmed           |     3 |       ||     3
         Tailslap          |    11 |     6 ||    17
         Dagger            |    51 |       ||    51
         War axe           |     6 |    61 ||    67
   Cast: Sting             |    44 |    43 ||    87
         Mercury Vapours   |       |     1 ||     1
 Armour: Skin              |    21 |    59 ||    80
  Dodge: Dodged            |    27 |    73 ||   100
  Block: Buckler           |     5 |    16 ||    21

Table legend: (Time is in decaauts)
 A = Elapsed time spent in this place.
 B = Non-inter-level travel time spent in this place.
 C = Inter-level travel time spent in this place.
 D = Time resting spent in this place.
 E = Time spent auto-exploring this place.
 F = Levels seen in this place.
 G = Mean time per level.
                   A        B        C        D        E       F      G
               +--------+--------+--------+--------+--------+-----+--------+
         Total |   2077 |   2044 |     33 |     26 |   1395 |   5 |  415.4 |
       Dungeon |   2077 |   2044 |     33 |     26 |   1395 |   5 |  415.4 |
               +--------+--------+--------+--------+--------+-----+--------+

Top non-repeatable levels by time:
     D:2: 1104 daAuts
     D:1: 779 daAuts
     D:3: 113 daAuts
     D:5: 48 daAuts
     D:6: 32 daAuts
